Pittsburgh Penguins vs Toronto Maple Leafs
Created - Saturday, April 20, 2024 at 06:51
Goals
|
| Pittsburgh Penguins |
1 |
0 |
1 |
2 |
| Toronto Maple Leafs |
3 |
0 |
1 |
4 |
|
Shots
|
| Pittsburgh Penguins |
9 |
17 |
10 |
36 |
| Toronto Maple Leafs |
12 |
11 |
8 |
31 |
|
1st period
1. Toronto Maple Leafs , Sam Bennett 13 (Brady Tkachuk 25, Aaron Ekblad 24) at 2:39
2. Pittsburgh Penguins , Ryan Johansen 9 (Phillip Danault 15, J.J. Moser 6) at 3:51
3. Toronto Maple Leafs , Troy Terry 19 (Bowen Byram 1, Sam Bennett 29) at 7:28
4. Toronto Maple Leafs , Brandon Saad 14 (Trevor Zegras 33, Dougie Hamilton 16) at 9:48
Penalties :
Erik Karlsson (PIT) for Roughing (Minor) at 13:26
2nd period
No Goal
Penalties :
Aaron Ekblad (TOR) for Hooking (Minor) at 5:40, Brady Tkachuk (TOR) for Hooking (Minor) at 9:41, Brady Tkachuk (TOR) for High sticking (Minor) at 16:36
3rd period
5. Pittsburgh Penguins , Anders Lee 20 (Sam Reinhart 35) at 0:07
6. Toronto Maple Leafs , Trevor Zegras 15 (Brandon Saad 20, Dougie Hamilton 17) at 0:48
Penalties :
Erik Gudbranson (PIT) for Hooking (Minor) at 8:14
Goalie Stats
Akira Schmid (PIT), 27 saves from 31 shots - (0.871), L, 12-5-3, 60:00 minutes
Frederik Andersen (TOR), 34 saves from 36 shots - (0.944), W, 7-9-1, 60:00 minutes
Players Stats for Pittsburgh Penguins
Player Name G A P +/- PIM S H SB GA TA FO MP PP MP PK MP
------------------------------------------------------------------------------------
Anders Lee 1 0 1 0 0 6 2 0 0 0 0/1 18:38 2:59 0:00
Brian Dumoulin 0 0 0 0 0 1 1 2 0 1 0/0 22:03 2:49 1:48
Colton Sissons 0 0 0 0 0 0 0 0 0 0 3/7 7:08 0:00 0:00
Erik Gudbranson 0 0 0 -2 2 2 3 1 0 2 0/0 14:58 0:00 0:00
Erik Karlsson 0 0 0 0 2 1 0 2 0 1 0/0 21:53 3:08 1:04
Gabriel Vilardi 0 0 0 0 0 1 0 1 0 0 1/1 8:10 0:00 0:00
J.J. Moser 0 1 1 -2 0 0 0 0 0 2 0/0 15:56 0:00 1:06
Jean-Gabriel Pageau 0 0 0 0 0 3 2 0 0 0 7/17 18:39 2:59 0:00
Jordan Eberle 0 0 0 -1 0 5 1 1 1 0 0/1 17:31 0:00 0:00
Leon Draisaitl 0 0 0 -1 0 7 2 0 0 0 6/13 19:19 2:58 1:51
Mattias Ekholm 0 0 0 0 0 1 1 2 0 3 0/0 22:57 3:08 2:10
Mitchell Marner 0 0 0 -1 0 2 1 0 1 0 0/0 19:36 2:58 1:51
Pavel Buchnevich 0 0 0 -1 0 0 3 0 0 2 0/0 19:42 2:58 2:07
Phillip Danault 0 1 1 -1 0 1 2 0 2 1 5/8 12:17 0:00 0:00
Ryan Johansen 1 0 1 -1 0 2 2 1 1 0 0/0 11:55 0:00 0:00
Ryan Suter 0 0 0 0 0 2 0 0 1 0 0/0 21:51 2:49 1:48
Sam Reinhart 0 1 1 0 0 2 1 1 1 0 4/9 20:48 2:59 2:07
Tom Wilson 0 0 0 0 0 0 0 0 0 0 0/0 2:39 0:00 0:00
Players Stats for Toronto Maple Leafs
Player Name G A P +/- PIM S H SB GA TA FO MP PP MP PK MP
------------------------------------------------------------------------------------
Aaron Ekblad 0 1 1 1 2 2 5 1 1 0 0/0 22:15 1:50 1:46
Andrew Mangiapane 0 0 0 0 0 3 0 0 0 0 0/0 12:09 0:00 0:00
Bowen Byram 0 1 1 1 0 1 1 1 1 1 0/0 15:14 0:00 1:00
Brady Tkachuk 0 1 1 1 4 3 2 0 1 1 0/2 18:11 1:59 1:08
Brandon Saad 1 1 2 1 0 1 1 1 3 0 0/1 17:12 1:59 0:50
Dougie Hamilton 0 2 2 1 0 1 0 1 0 2 0/0 23:51 1:50 3:06
Kyle Okposo 0 0 0 0 0 2 1 0 1 0 1/1 9:07 0:00 0:00
Luke Schenn 0 0 0 1 0 0 1 1 1 1 0/0 19:25 2:08 3:11
Mario Ferraro 0 0 0 0 0 2 1 1 0 1 0/0 22:32 2:08 2:51
Nick Bjugstad 0 0 0 0 0 1 0 0 0 0 2/4 9:07 0:00 0:00
Nicolas Roy 0 0 0 0 0 2 0 0 0 0 5/11 12:01 0:00 0:00
Nino Niederreiter 0 0 0 0 0 1 2 0 1 0 0/0 13:32 0:00 1:32
Ryan Pulock 0 0 0 0 0 1 2 1 0 0 0/0 17:04 0:00 0:00
Sam Bennett 1 1 2 1 0 2 1 0 0 0 9/16 19:22 1:59 2:56
Scott Laughton 0 0 0 1 0 2 1 0 0 0 14/19 18:25 1:59 2:28
Trevor Zegras 1 1 2 1 0 3 0 0 2 0 0/0 19:15 1:59 3:00
Troy Terry 1 0 1 1 0 3 2 0 1 1 0/3 16:11 1:59 0:00
Warren Foegele 0 0 0 0 0 1 1 0 0 0 0/0 9:07 0:00 0:00
3 Stars
1 - Brandon Saad (TOR)
2 - Sam Bennett (TOR)
3 - Trevor Zegras (TOR)
Power Play
Pittsburgh Penguins - 0 on 3 Attempt(s) - 0.00%
Toronto Maple Leafs - 0 on 2 Attempt(s) - 0.00%
Penalty Kill
Pittsburgh Penguins - 2 on 2 Attempt(s) - 100.00%
- Score 0 goal in Penalty Kill
Toronto Maple Leafs - 3 on 3 Attempt(s) - 100.00%
- Score 0 goal in Penalty Kill
Team Stat
Pittsburgh Penguins - Hits : 21 - Faceoff Wins : 26 - Blocked Shots : 11 - Penalty Minutes : 4
Toronto Maple Leafs - Hits : 21 - Faceoff Wins : 31 - Blocked Shots : 7 - Penalty Minutes : 6
Official
Referees : Ghislain Hebert and Mark Lemelin
Linesman : Jay Sharrers and Brian Murphy
Game Notes
No Game Note
Finance
Level 1 -- Attendance: 6000 (100.00%) -- Ticket Income $564,000
Level 2 -- Attendance: 5000 (100.00%) -- Ticket Income $270,000
Level 3 -- Attendance: 3000 (100.00%) -- Ticket Income $99,000
Level 4 -- Attendance: 4736 (94.72%) -- Ticket Income $99,456
Luxury Box -- Attendance: 1000 (100.00%) -- Ticket Income $193,000
Game was played at the Air Canada Centre.
Total Attendance: 19736 (98.68%)
Total Ticket Income: $1,225,456
Other Income: $428,910
Total Income: $1,654,366
Pittsburgh Penguins
5 vs 5 Forward
Center Left Wing Right Wing Time % Phy DF OF
1 Leon Draisaitl Pavel Buchnevich Mitchell Marner 30 1 2 2
2 Jean-Gabriel Pageau Anders Lee Sam Reinhart 30 1 2 2
3 Phillip Danault Jordan Eberle Ryan Johansen 25 1 2 2
4 Colton Sissons Gabriel Vilardi Jordan Eberle 15 1 2 2
5 vs 5 Defense
Defense Defense Time % Phy DF OF
1 Erik Karlsson Mattias Ekholm 35 1 2 2
2 Ryan Suter Brian Dumoulin 35 1 2 2
3 Erik Gudbranson J.J. Moser 30 1 2 2
4 Erik Karlsson Mattias Ekholm 0 1 2 2
PowerPlay Forward
Center Left Wing Right Wing Time % Phy DF OF
1 Leon Draisaitl Pavel Buchnevich Mitchell Marner 50 1 2 2
2 Jean-Gabriel Pageau Anders Lee Sam Reinhart 50 1 2 2
PowerPlay Defense
Defense Defense Time % Phy DF OF
1 Erik Karlsson Mattias Ekholm 50 1 2 2
2 Ryan Suter Brian Dumoulin 50 1 2 2
Penalty Kill 4 Players Forward
Center Wing Time % Phy DF OF
1 Leon Draisaitl Mitchell Marner 50 1 2 2
2 Sam Reinhart Pavel Buchnevich 50 1 2 2
Penalty Kill 4 Players Defense
Defense Defense Time % Phy DF OF
1 Erik Karlsson Mattias Ekholm 50 1 2 2
2 Ryan Suter Brian Dumoulin 50 1 2 2
Penalty Kill - 3 Players Forward
Forward Time % Phy DF OF
1 Leon Draisaitl 50 1 2 2
2 Mitchell Marner 50 1 2 2
Penalty Kill - 3 Players Defense
Defense Defense Time % Phy DF OF
1 Erik Karlsson Mattias Ekholm 50 1 2 2
2 Ryan Suter Brian Dumoulin 50 1 2 2
4 vs 4 Forward
Center Wing Time % Phy DF OF
1 Leon Draisaitl Mitchell Marner 50 1 2 2
2 Sam Reinhart Pavel Buchnevich 50 1 2 2
4 vs 4 Defense
Defense Defense Time % Phy DF OF
1 Erik Karlsson Mattias Ekholm 50 1 2 2
2 Ryan Suter Brian Dumoulin 50 1 2 2
Last Minutes Offensive
Center Left Wing Right Wing Defense Defense
Leon Draisaitl Pavel Buchnevich Mitchell Marner Erik Karlsson Mattias Ekholm
Last Minutes Defensive
Center Left Wing Right Wing Defense Defense
Leon Draisaitl Pavel Buchnevich Mitchell Marner Erik Karlsson Mattias Ekholm
Goaltenders
Starting : Akira Schmid
Backup : Marc-Andre Fleury
Extra Forwards
Normal : Tom Wilson, Gabriel Vilardi, Phillip Danault - PP : Tom Wilson, Gabriel Vilardi - PK : Phillip Danault
Extra Defensemen
Normal : Erik Gudbranson, J.J. Moser, Ryan Suter - PP : Erik Gudbranson - PK : J.J. Moser, Ryan Suter
Penalty Shots
Leon Draisaitl, Mitchell Marner, Sam Reinhart, Pavel Buchnevich, Jean-Gabriel Pageau
Toronto Maple Leafs
5 vs 5 Forward
Center Left Wing Right Wing Time % Phy DF OF
1 Sam Bennett Brady Tkachuk Troy Terry 30 1 2 2
2 Scott Laughton Trevor Zegras Brandon Saad 30 1 2 2
3 Nicolas Roy Andrew Mangiapane Nino Niederreiter 25 1 2 2
4 Nick Bjugstad Warren Foegele Kyle Okposo 15 1 2 2
5 vs 5 Defense
Defense Defense Time % Phy DF OF
1 Aaron Ekblad Dougie Hamilton 30 1 2 2
2 Mario Ferraro Ryan Pulock 30 1 2 2
3 Luke Schenn Bowen Byram 25 1 2 2
4 Aaron Ekblad Dougie Hamilton 15 1 2 2
PowerPlay Forward
Center Left Wing Right Wing Time % Phy DF OF
1 Sam Bennett Brady Tkachuk Troy Terry 50 1 2 2
2 Scott Laughton Trevor Zegras Brandon Saad 50 1 2 2
PowerPlay Defense
Defense Defense Time % Phy DF OF
1 Aaron Ekblad Dougie Hamilton 50 1 2 2
2 Luke Schenn Mario Ferraro 50 1 2 2
Penalty Kill 4 Players Forward
Center Wing Time % Phy DF OF
1 Brady Tkachuk Sam Bennett 50 1 2 2
2 Scott Laughton Trevor Zegras 50 1 2 2
Penalty Kill 4 Players Defense
Defense Defense Time % Phy DF OF
1 Aaron Ekblad Dougie Hamilton 50 1 2 2
2 Mario Ferraro Luke Schenn 50 1 2 2
Penalty Kill - 3 Players Forward
Forward Time % Phy DF OF
1 Brady Tkachuk 50 1 2 2
2 Sam Bennett 50 1 2 2
Penalty Kill - 3 Players Defense
Defense Defense Time % Phy DF OF
1 Aaron Ekblad Dougie Hamilton 50 1 2 2
2 Luke Schenn Bowen Byram 50 1 2 2
4 vs 4 Forward
Center Wing Time % Phy DF OF
1 Brady Tkachuk Sam Bennett 50 1 2 2
2 Scott Laughton Trevor Zegras 50 1 2 2
4 vs 4 Defense
Defense Defense Time % Phy DF OF
1 Aaron Ekblad Dougie Hamilton 50 1 2 2
2 Mario Ferraro Ryan Pulock 50 1 2 2
Last Minutes Offensive
Center Left Wing Right Wing Defense Defense
Sam Bennett Brady Tkachuk Troy Terry Aaron Ekblad Dougie Hamilton
Last Minutes Defensive
Center Left Wing Right Wing Defense Defense
Sam Bennett Brady Tkachuk Troy Terry Aaron Ekblad Dougie Hamilton
Goaltenders
Starting : Frederik Andersen
Backup : Cam Talbot
Extra Forwards
Normal : Andrew Mangiapane, Nicolas Roy, Nino Niederreiter - PP : Andrew Mangiapane, Nicolas Roy - PK : Nino Niederreiter
Extra Defensemen
Normal : Mario Ferraro, Luke Schenn, Dougie Hamilton - PP : Mario Ferraro - PK : Luke Schenn, Dougie Hamilton
Penalty Shots
Brady Tkachuk, Sam Bennett, Scott Laughton, Trevor Zegras, Troy Terry
% Time on Ice - Pittsburgh Penguins
Lines # - Real PCT - Wanted PCT - Time Play
Normal Forward
1 - 28% - 30% - 14:15
2 - 36% - 30% - 17:57
3 - 22% - 25% - 11:04
4 - 14% - 15% - 6:49
Normal Defense
1 - 34% - 35% - 17:00
2 - 35% - 35% - 17:26
3 - 29% - 30% - 14:46
4 - 2% - 0% - 0:53
PP Forward
1 - 50% - 50% - 2:58
2 - 50% - 50% - 2:59
PP Defense
1 - 53% - 50% - 3:08
2 - 47% - 50% - 2:49
PK Forward
1 - 47% - 50% - 1:51
2 - 53% - 50% - 2:07
PK Defense
1 - 55% - 50% - 2:10
2 - 45% - 50% - 1:48
PK3 Forward
1 - 0% - 50%
2 - 0% - 50%
PK3 Defense
1 - 0% - 50%
2 - 0% - 50%
44 Forward
1 - 0% - 50%
2 - 0% - 50%
44 Defense
1 - 0% - 50%
2 - 0% - 50%
Last Minute Offensive - 0:00
Last Minute Defensive - 0:00
Total
Forward - 60:00
Defense - 60:00
|
% Time on Ice - Toronto Maple Leafs
Lines # - Real PCT - Wanted PCT - Time Play
Normal Forward
1 - 30% - 30% - 15:03
2 - 28% - 30% - 13:58
3 - 24% - 25% - 11:57
4 - 18% - 15% - 9:07
Normal Defense
1 - 28% - 30% - 14:07
2 - 35% - 30% - 17:33
3 - 27% - 25% - 13:37
4 - 10% - 15% - 4:48
PP Forward
1 - 50% - 50% - 1:59
2 - 50% - 50% - 1:59
PP Defense
1 - 46% - 50% - 1:50
2 - 54% - 50% - 2:08
PK Forward
1 - 59% - 50% - 3:29
2 - 41% - 50% - 2:28
PK Defense
1 - 57% - 50% - 3:24
2 - 43% - 50% - 2:33
PK3 Forward
1 - 0% - 50%
2 - 0% - 50%
PK3 Defense
1 - 0% - 50%
2 - 0% - 50%
44 Forward
1 - 0% - 50%
2 - 0% - 50%
44 Defense
1 - 0% - 50%
2 - 0% - 50%
Last Minute Offensive - 0:00
Last Minute Defensive - 0:00
Total
Forward - 60:00
Defense - 60:00
|
Play-by-Play
1st period
0:01 of 1st period - Leon Draisaitl wins face-off versus Sam Bennett in neutral zone.
0:57 of 1st period - Snap shot by Nicolas Roy.
0:57 of 1st period - Deflect By Andrew Mangiapane.
0:57 of 1st period - Stopped by Akira Schmid with a rebound.
0:59 of 1st period - Wrist shot by Nicolas Roy.
0:59 of 1st period - Shot Misses the Net.
1:01 of 1st period - Slapshot by Dougie Hamilton.
1:01 of 1st period - Shot Blocked by Brian Dumoulin.
1:31 of 1st period - Jordan Eberle is hit by Sam Bennett and loses puck.
1:36 of 1st period - Wrist shot by Brady Tkachuk.
1:36 of 1st period - Shot Blocked by Gabriel Vilardi.
1:38 of 1st period - Snap shot by Bowen Byram.
1:38 of 1st period - Stopped by Akira Schmid without a rebound.
1:39 of 1st period - Jean-Gabriel Pageau wins face-off versus Nicolas Roy in Pittsburgh Penguins zone.
2:06 of 1st period - Bowen Byram is hit by Jordan Eberle and loses puck.
2:35 of 1st period - Wrist shot by Brady Tkachuk.
2:35 of 1st period - Deflect By Sam Bennett.
2:35 of 1st period - Stopped by Akira Schmid with a rebound.
2:37 of 1st period - Slapshot by Aaron Ekblad.
2:37 of 1st period - Deflect By Brady Tkachuk.
2:37 of 1st period - Stopped by Akira Schmid with a rebound.
2:39 of 1st period - Wrist shot by Sam Bennett.
2:39 of 1st period - Goal by Sam Bennett - Pittsburgh Penguins : 0 - Toronto Maple Leafs : 1.
2:40 of 1st period - Colton Sissons wins face-off versus Nick Bjugstad in neutral zone.
3:06 of 1st period - Brady Tkachuk is hit by Jean-Gabriel Pageau and loses puck.
3:51 of 1st period - Wrist shot by Phillip Danault.
3:51 of 1st period - Deflect By Ryan Johansen.
3:51 of 1st period - Goal by Ryan Johansen - Pittsburgh Penguins : 1 - Toronto Maple Leafs : 1.
3:52 of 1st period - Nicolas Roy wins face-off versus Jean-Gabriel Pageau in neutral zone.
4:19 of 1st period - Phillip Danault is hit by Scott Laughton.
4:31 of 1st period - Erik Karlsson is hit by Ryan Pulock and loses puck.
5:12 of 1st period - Slapshot by Troy Terry.
5:12 of 1st period - Stopped by Akira Schmid with a rebound.
5:42 of 1st period - Snap shot by Leon Draisaitl.
5:42 of 1st period - Stopped by Frederik Andersen without a rebound.
5:43 of 1st period - Scott Laughton wins face-off versus Leon Draisaitl in Toronto Maple Leafs zone.
6:42 of 1st period - Wrist shot by Jordan Eberle.
6:42 of 1st period - Stopped by Frederik Andersen without a rebound.
6:43 of 1st period - Leon Draisaitl wins face-off versus Scott Laughton in Toronto Maple Leafs zone.
6:44 of 1st period - Wrist shot by Pavel Buchnevich.
6:44 of 1st period - Shot Misses the Net.
7:00 of 1st period - Mitchell Marner is hit by Aaron Ekblad.
7:24 of 1st period - Wrist shot by Troy Terry.
7:24 of 1st period - Shot Blocked by Ryan Johansen.
7:26 of 1st period - Wrist shot by Sam Bennett.
7:26 of 1st period - Shot Misses the Net.
7:28 of 1st period - Snap shot by Bowen Byram.
7:28 of 1st period - Deflect By Troy Terry.
7:28 of 1st period - Goal by Troy Terry - Pittsburgh Penguins : 1 - Toronto Maple Leafs : 2.
7:29 of 1st period - Nick Bjugstad wins face-off versus Phillip Danault in neutral zone.
7:57 of 1st period - Dougie Hamilton is hit by Jean-Gabriel Pageau and loses puck.
8:08 of 1st period - Snap shot by Anders Lee.
8:08 of 1st period - Stopped by Frederik Andersen without a rebound.
8:09 of 1st period - Leon Draisaitl wins face-off versus Scott Laughton in Toronto Maple Leafs zone.
8:23 of 1st period - Icing by Brandon Saad.
8:24 of 1st period - Scott Laughton wins face-off versus Jean-Gabriel Pageau in Toronto Maple Leafs zone.
8:38 of 1st period - Icing by Brian Dumoulin.
8:39 of 1st period - Jean-Gabriel Pageau wins face-off versus Nicolas Roy in Pittsburgh Penguins zone.
8:56 of 1st period - Wrist shot by Jean-Gabriel Pageau.
8:56 of 1st period - Stopped by Frederik Andersen without a rebound.
8:57 of 1st period - Sam Bennett wins face-off versus Colton Sissons in Toronto Maple Leafs zone.
9:13 of 1st period - Snap shot by Jordan Eberle.
9:13 of 1st period - Shot Misses the Net.
9:23 of 1st period - Andrew Mangiapane is hit by Mattias Ekholm and loses puck.
9:46 of 1st period - Slapshot by Trevor Zegras.
9:46 of 1st period - Stopped by Akira Schmid with a rebound.
9:48 of 1st period - Snap shot by Brandon Saad.
9:48 of 1st period - Goal by Brandon Saad - Pittsburgh Penguins : 1 - Toronto Maple Leafs : 3.
9:49 of 1st period - Phillip Danault wins face-off versus Troy Terry in neutral zone.
10:21 of 1st period - Mario Ferraro is hit by Pavel Buchnevich and loses puck.
10:26 of 1st period - Backhand shot by Leon Draisaitl.
10:26 of 1st period - Stopped by Frederik Andersen with a rebound.
10:28 of 1st period - Slapshot by Leon Draisaitl.
10:28 of 1st period - Shot Blocked by Ryan Pulock.
10:40 of 1st period - Sam Reinhart is hit by Brandon Saad and loses puck.
12:22 of 1st period - Slapshot by Kyle Okposo.
12:22 of 1st period - Shot Misses the Net.
12:36 of 1st period - Scott Laughton is hit by Anders Lee and loses puck.
12:47 of 1st period - Sam Bennett is hit by Pavel Buchnevich and loses puck.
13:06 of 1st period - Warren Foegele is hit by Ryan Johansen and loses puck.
13:26 of 1st period - Minor Penalty to Erik Karlsson for Roughing.
13:27 of 1st period - Sam Bennett wins face-off versus Leon Draisaitl in Pittsburgh Penguins zone.
13:34 of 1st period - Wrist shot by Troy Terry.
13:34 of 1st period - Shot Misses the Net.
13:36 of 1st period - Snap shot by Brady Tkachuk.
13:36 of 1st period - Shot Misses the Net.
13:40 of 1st period - Wrist shot by Brady Tkachuk.
13:40 of 1st period - Stopped by Akira Schmid without a rebound.
13:41 of 1st period - Scott Laughton wins face-off versus Sam Reinhart in Pittsburgh Penguins zone.
13:57 of 1st period - Snap shot by Brandon Saad.
13:57 of 1st period - Deflect By Scott Laughton.
13:57 of 1st period - Stopped by Akira Schmid without a rebound.
13:58 of 1st period - Sam Reinhart wins face-off versus Sam Bennett in Pittsburgh Penguins zone.
14:06 of 1st period - Off-side.
14:07 of 1st period - Sam Bennett wins face-off versus Sam Reinhart in neutral zone.
14:40 of 1st period - Snap shot by Troy Terry.
14:40 of 1st period - Deflect By Brady Tkachuk.
14:40 of 1st period - Shot Misses the Net.
14:40 of 1st period - Puck is out of play.
14:41 of 1st period - Scott Laughton wins face-off versus Sam Reinhart in Pittsburgh Penguins zone.
14:48 of 1st period - Wrist shot by Brandon Saad.
14:48 of 1st period - Shot Blocked by Brian Dumoulin.
15:26 of 1st period - Penalty to Erik Karlsson is over, Erik Karlsson is back on ice.
15:54 of 1st period - Kyle Okposo is hit by Anders Lee and loses puck.
16:19 of 1st period - Wrist shot by Leon Draisaitl.
16:19 of 1st period - Stopped by Frederik Andersen without a rebound.
16:20 of 1st period - Scott Laughton wins face-off versus Leon Draisaitl in Toronto Maple Leafs zone.
16:55 of 1st period - Snap shot by Leon Draisaitl.
16:55 of 1st period - Shot Misses the Net.
17:25 of 1st period - Wrist shot by Mitchell Marner.
17:25 of 1st period - Shot Misses the Net.
17:55 of 1st period - Brandon Saad is hit by Erik Gudbranson and loses puck.
18:32 of 1st period - Wrist shot by Trevor Zegras.
18:32 of 1st period - Shot Misses the Net.
18:48 of 1st period - Slapshot by Leon Draisaitl.
18:48 of 1st period - Shot Misses the Net.
18:58 of 1st period - Wrist shot by Leon Draisaitl.
18:58 of 1st period - Stopped by Frederik Andersen with a rebound.
19:00 of 1st period - Slapshot by Mattias Ekholm.
19:00 of 1st period - Stopped by Frederik Andersen with a rebound.
19:18 of 1st period - Snap shot by Leon Draisaitl.
19:18 of 1st period - Shot Misses the Net.
19:20 of 1st period - Wrist shot by Leon Draisaitl.
19:20 of 1st period - Shot Blocked by Brandon Saad.
19:52 of 1st period - Wrist shot by Trevor Zegras.
19:52 of 1st period - Stopped by Akira Schmid without a rebound.
19:53 of 1st period - Sam Bennett wins face-off versus Phillip Danault in Pittsburgh Penguins zone.
Goals for this period are 1 for Pittsburgh Penguins vs 3 for Toronto Maple Leafs.
Shots for this period are 9 for Pittsburgh Penguins vs 12 for Toronto Maple Leafs.
2nd period
0:01 of 2nd period - Phillip Danault wins face-off versus Brady Tkachuk in neutral zone.
0:32 of 2nd period - Off-side.
0:33 of 2nd period - Nicolas Roy wins face-off versus Jean-Gabriel Pageau in neutral zone.
1:21 of 2nd period - Aaron Ekblad is hit by Mitchell Marner and loses puck.
1:26 of 2nd period - Snap shot by Leon Draisaitl.
1:26 of 2nd period - Stopped by Frederik Andersen with a rebound.
1:32 of 2nd period - Snap shot by Leon Draisaitl.
1:32 of 2nd period - Stopped by Frederik Andersen with a rebound.
1:34 of 2nd period - Slapshot by Mitchell Marner.
1:34 of 2nd period - Stopped by Frederik Andersen without a rebound.
1:35 of 2nd period - Sam Bennett wins face-off versus Jean-Gabriel Pageau in Toronto Maple Leafs zone.
1:48 of 2nd period - Slapshot by Troy Terry.
1:48 of 2nd period - Shot Misses the Net.
2:02 of 2nd period - Dougie Hamilton is hit by Phillip Danault and loses puck.
3:20 of 2nd period - Ryan Suter is hit by Nino Niederreiter and loses puck.
3:39 of 2nd period - Slapshot by Jordan Eberle.
3:39 of 2nd period - Stopped by Frederik Andersen without a rebound.
3:40 of 2nd period - Kyle Okposo wins face-off versus Colton Sissons in Toronto Maple Leafs zone.
4:14 of 2nd period - Wrist shot by Gabriel Vilardi.
4:14 of 2nd period - Shot Misses the Net.
4:28 of 2nd period - Snap shot by Kyle Okposo.
4:28 of 2nd period - Shot Blocked by Erik Karlsson.
4:30 of 2nd period - Slapshot by Bowen Byram.
4:30 of 2nd period - Shot Misses the Net.
4:34 of 2nd period - Snap shot by Kyle Okposo.
4:34 of 2nd period - Shot Blocked by Mattias Ekholm.
4:36 of 2nd period - Snap shot by Warren Foegele.
4:36 of 2nd period - Stopped by Akira Schmid with a rebound.
4:42 of 2nd period - Slapshot by Kyle Okposo.
4:42 of 2nd period - Shot Blocked by Mattias Ekholm.
4:54 of 2nd period - Snap shot by Kyle Okposo.
4:54 of 2nd period - Stopped by Akira Schmid without a rebound.
4:55 of 2nd period - Jean-Gabriel Pageau wins face-off versus Sam Bennett in Pittsburgh Penguins zone.
5:09 of 2nd period - Backhand shot by Brady Tkachuk.
5:09 of 2nd period - Stopped by Akira Schmid with a rebound.
5:21 of 2nd period - Andrew Mangiapane is hit by Leon Draisaitl and loses puck.
5:26 of 2nd period - Snap shot by Leon Draisaitl.
5:26 of 2nd period - Shot Misses the Net.
5:28 of 2nd period - Slapshot by Erik Gudbranson.
5:28 of 2nd period - Stopped by Frederik Andersen with a rebound.
5:30 of 2nd period - Snap shot by J.J. Moser.
5:30 of 2nd period - Shot Blocked by Dougie Hamilton.
5:40 of 2nd period - Minor Penalty to Aaron Ekblad for Hooking.
5:41 of 2nd period - Leon Draisaitl wins face-off versus Brady Tkachuk in Toronto Maple Leafs zone.
6:55 of 2nd period - Scott Laughton is hit by Leon Draisaitl and loses puck.
7:40 of 2nd period - Penalty to Aaron Ekblad is over, Aaron Ekblad is back on ice.
7:45 of 2nd period - Wrist shot by Ryan Johansen.
7:45 of 2nd period - Shot Misses the Net.
7:47 of 2nd period - Slapshot by Erik Gudbranson.
7:47 of 2nd period - Stopped by Frederik Andersen with a rebound.
7:49 of 2nd period - Slapshot by Erik Gudbranson.
7:49 of 2nd period - Shot Misses the Net.
7:51 of 2nd period - Slapshot by Erik Gudbranson.
7:51 of 2nd period - Shot Blocked by Bowen Byram.
7:53 of 2nd period - Backhand shot by Jordan Eberle.
7:53 of 2nd period - Stopped by Frederik Andersen with a rebound.
7:55 of 2nd period - Wrist shot by Ryan Johansen.
7:55 of 2nd period - Stopped by Frederik Andersen with a rebound.
8:04 of 2nd period - Icing by Brady Tkachuk.
8:05 of 2nd period - Nicolas Roy wins face-off versus Colton Sissons in Toronto Maple Leafs zone.
8:10 of 2nd period - Slapshot by Dougie Hamilton.
8:10 of 2nd period - Shot Misses the Net.
8:16 of 2nd period - Slapshot by Nicolas Roy.
8:16 of 2nd period - Stopped by Akira Schmid without a rebound.
8:17 of 2nd period - Nicolas Roy wins face-off versus Jean-Gabriel Pageau in Pittsburgh Penguins zone.
8:22 of 2nd period - Snap shot by Nicolas Roy.
8:22 of 2nd period - Stopped by Akira Schmid with a rebound.
8:46 of 2nd period - Snap shot by Phillip Danault.
8:46 of 2nd period - Stopped by Frederik Andersen with a rebound.
8:48 of 2nd period - Snap shot by Jordan Eberle.
8:48 of 2nd period - Stopped by Frederik Andersen without a rebound.
8:49 of 2nd period - Scott Laughton wins face-off versus Phillip Danault in Toronto Maple Leafs zone.
9:41 of 2nd period - Minor Penalty to Brady Tkachuk for Hooking.
9:42 of 2nd period - Scott Laughton wins face-off versus Jean-Gabriel Pageau in Toronto Maple Leafs zone.
11:26 of 2nd period - Scott Laughton is hit by Brian Dumoulin and loses puck.
11:41 of 2nd period - Penalty to Brady Tkachuk is over, Brady Tkachuk is back on ice.
12:17 of 2nd period - Snap shot by Nick Bjugstad.
12:17 of 2nd period - Stopped by Akira Schmid with a rebound.
12:19 of 2nd period - Slapshot by Aaron Ekblad.
12:19 of 2nd period - Deflect By Ryan Johansen.
12:19 of 2nd period - Stopped by Akira Schmid without a rebound.
12:20 of 2nd period - Nicolas Roy wins face-off versus Jean-Gabriel Pageau in Pittsburgh Penguins zone.
12:29 of 2nd period - Snap shot by Sam Reinhart.
12:29 of 2nd period - Stopped by Frederik Andersen with a rebound.
12:39 of 2nd period - Wrist shot by Brady Tkachuk.
12:39 of 2nd period - Shot Misses the Net.
12:45 of 2nd period - Wrist shot by Brady Tkachuk.
12:45 of 2nd period - Shot Misses the Net.
12:47 of 2nd period - Snap shot by Mario Ferraro.
12:47 of 2nd period - Deflect By Phillip Danault.
12:47 of 2nd period - Stopped by Akira Schmid with a rebound.
12:49 of 2nd period - Backhand shot by Ryan Pulock.
12:49 of 2nd period - Deflect By Brady Tkachuk.
12:49 of 2nd period - Shot Misses the Net.
12:49 of 2nd period - Puck is out of play.
12:50 of 2nd period - Sam Bennett wins face-off versus Jean-Gabriel Pageau in Pittsburgh Penguins zone.
12:59 of 2nd period - Wrist shot by Brady Tkachuk.
12:59 of 2nd period - Shot Misses the Net.
13:01 of 2nd period - Slapshot by Ryan Pulock.
13:01 of 2nd period - Stopped by Akira Schmid with a rebound.
13:47 of 2nd period - Snap shot by Trevor Zegras.
13:47 of 2nd period - Shot Hit the Post.
13:51 of 2nd period - Snap shot by Trevor Zegras.
13:51 of 2nd period - Shot Blocked by Erik Gudbranson.
13:53 of 2nd period - Wrist shot by Scott Laughton.
13:53 of 2nd period - Stopped by Akira Schmid with a rebound.
14:22 of 2nd period - Jordan Eberle is hit by Luke Schenn and loses puck.
14:36 of 2nd period - Icing by Bowen Byram.
14:37 of 2nd period - Leon Draisaitl wins face-off versus Sam Bennett in Toronto Maple Leafs zone.
14:46 of 2nd period - Snap shot by Sam Reinhart.
14:46 of 2nd period - Deflect By Anders Lee.
14:46 of 2nd period - Shot Blocked by Luke Schenn.
14:46 of 2nd period - Puck is out of play.
14:47 of 2nd period - Sam Reinhart wins face-off versus Scott Laughton in Toronto Maple Leafs zone.
15:27 of 2nd period - Icing by Nicolas Roy.
15:28 of 2nd period - Phillip Danault wins face-off versus Nicolas Roy in Toronto Maple Leafs zone.
15:37 of 2nd period - Wrist shot by Jordan Eberle.
15:37 of 2nd period - Stopped by Frederik Andersen with a rebound.
15:51 of 2nd period - Wrist shot by Andrew Mangiapane.
15:51 of 2nd period - Stopped by Akira Schmid with a rebound.
15:53 of 2nd period - Slapshot by Ryan Pulock.
15:53 of 2nd period - Deflect By Andrew Mangiapane.
15:53 of 2nd period - Shot Misses the Net.
15:53 of 2nd period - Puck is out of play.
15:54 of 2nd period - Sam Bennett wins face-off versus Leon Draisaitl in Pittsburgh Penguins zone.
16:25 of 2nd period - Snap shot by Leon Draisaitl.
16:25 of 2nd period - Stopped by Frederik Andersen with a rebound.
16:27 of 2nd period - Wrist shot by Ryan Suter.
16:27 of 2nd period - Stopped by Frederik Andersen with a rebound.
16:29 of 2nd period - Snap shot by Mitchell Marner.
16:29 of 2nd period - Stopped by Frederik Andersen with a rebound.
16:31 of 2nd period - Slapshot by Brian Dumoulin.
16:31 of 2nd period - Stopped by Frederik Andersen with a rebound.
16:36 of 2nd period - Minor Penalty to Brady Tkachuk for High sticking.
16:37 of 2nd period - Sam Reinhart wins face-off versus Scott Laughton in Toronto Maple Leafs zone.
16:51 of 2nd period - Slapshot by Erik Karlsson.
16:51 of 2nd period - Deflect By Scott Laughton.
16:51 of 2nd period - Stopped by Frederik Andersen without a rebound.
16:52 of 2nd period - Scott Laughton wins face-off versus Leon Draisaitl in Toronto Maple Leafs zone.
18:19 of 2nd period - Anders Lee is hit by Aaron Ekblad and loses puck.
18:36 of 2nd period - Penalty to Brady Tkachuk is over, Brady Tkachuk is back on ice.
18:42 of 2nd period - Snap shot by Scott Laughton.
18:42 of 2nd period - Deflect By Brady Tkachuk.
18:42 of 2nd period - Shot Blocked by Erik Karlsson.
18:42 of 2nd period - Puck is out of play.
18:43 of 2nd period - Nick Bjugstad wins face-off versus Jordan Eberle in Pittsburgh Penguins zone.
18:54 of 2nd period - J.J. Moser is hit by Warren Foegele and loses puck.
19:47 of 2nd period - Brady Tkachuk is hit by Erik Gudbranson and loses puck.
19:52 of 2nd period - Wrist shot by Sam Reinhart.
19:52 of 2nd period - Shot Blocked by Mario Ferraro.
Goals for this period are 0 for Pittsburgh Penguins vs 0 for Toronto Maple Leafs.
Shots for this period are 17 for Pittsburgh Penguins vs 11 for Toronto Maple Leafs.
3rd period
0:01 of 3rd period - Sam Reinhart wins face-off versus Sam Bennett in neutral zone.
0:01 of 3rd period - Sam Reinhart is hit by Brady Tkachuk.
0:07 of 3rd period - Slapshot by Anders Lee.
0:07 of 3rd period - Goal by Anders Lee - Pittsburgh Penguins : 2 - Toronto Maple Leafs : 3.
0:08 of 3rd period - Jean-Gabriel Pageau wins face-off versus Troy Terry in neutral zone.
0:25 of 3rd period - Aaron Ekblad is hit by Sam Reinhart and loses puck.
0:48 of 3rd period - Snap shot by Trevor Zegras.
0:48 of 3rd period - Goal by Trevor Zegras - Pittsburgh Penguins : 2 - Toronto Maple Leafs : 4.
0:49 of 3rd period - Jean-Gabriel Pageau wins face-off versus Troy Terry in neutral zone.
0:52 of 3rd period - Slapshot by Erik Karlsson.
0:52 of 3rd period - Shot Misses the Net.
1:02 of 3rd period - Wrist shot by Brady Tkachuk.
1:02 of 3rd period - Shot Blocked by Sam Reinhart.
1:04 of 3rd period - Backhand shot by Aaron Ekblad.
1:04 of 3rd period - Stopped by Akira Schmid with a rebound.
1:06 of 3rd period - Slapshot by Dougie Hamilton.
1:06 of 3rd period - Shot Misses the Net.
1:22 of 3rd period - Dougie Hamilton is hit by Phillip Danault and loses puck.
2:05 of 3rd period - Slapshot by Troy Terry.
2:05 of 3rd period - Stopped by Akira Schmid without a rebound.
2:06 of 3rd period - Colton Sissons wins face-off versus Sam Bennett in Pittsburgh Penguins zone.
2:33 of 3rd period - Off-side.
2:34 of 3rd period - Jean-Gabriel Pageau wins face-off versus Brandon Saad in neutral zone.
2:36 of 3rd period - Off-side.
2:37 of 3rd period - Scott Laughton wins face-off versus Anders Lee in neutral zone.
3:13 of 3rd period - Snap shot by Sam Reinhart.
3:13 of 3rd period - Deflect By Anders Lee.
3:13 of 3rd period - Stopped by Frederik Andersen with a rebound.
3:15 of 3rd period - Slapshot by Brian Dumoulin.
3:15 of 3rd period - Shot Misses the Net.
3:17 of 3rd period - Snap shot by Sam Reinhart.
3:17 of 3rd period - Stopped by Frederik Andersen without a rebound.
3:18 of 3rd period - Phillip Danault wins face-off versus Nicolas Roy in Toronto Maple Leafs zone.
3:44 of 3rd period - Sam Bennett is hit by Pavel Buchnevich and loses puck.
4:04 of 3rd period - Off-side.
4:05 of 3rd period - Colton Sissons wins face-off versus Nick Bjugstad in neutral zone.
4:12 of 3rd period - Slapshot by Ryan Suter.
4:12 of 3rd period - Stopped by Frederik Andersen with a rebound.
4:14 of 3rd period - Wrist shot by Gabriel Vilardi.
4:14 of 3rd period - Shot Misses the Net.
4:16 of 3rd period - Slapshot by Brian Dumoulin.
4:16 of 3rd period - Deflect By Jordan Eberle.
4:16 of 3rd period - Shot Misses the Net.
4:16 of 3rd period - Puck is out of play.
4:17 of 3rd period - Scott Laughton wins face-off versus Jean-Gabriel Pageau in Toronto Maple Leafs zone.
6:46 of 3rd period - Brian Dumoulin is hit by Ryan Pulock and loses puck.
7:09 of 3rd period - Icing by Colton Sissons.
7:10 of 3rd period - Scott Laughton wins face-off versus Colton Sissons in Pittsburgh Penguins zone.
7:32 of 3rd period - Slapshot by Gabriel Vilardi.
7:32 of 3rd period - Stopped by Frederik Andersen without a rebound.
7:33 of 3rd period - Sam Bennett wins face-off versus Jean-Gabriel Pageau in Toronto Maple Leafs zone.
7:33 of 3rd period - Sam Bennett is hit by Erik Gudbranson.
8:06 of 3rd period - Snap shot by Leon Draisaitl.
8:06 of 3rd period - Shot Misses the Net.
8:14 of 3rd period - Minor Penalty to Erik Gudbranson for Hooking.
8:15 of 3rd period - Scott Laughton wins face-off versus Sam Reinhart in Pittsburgh Penguins zone.
8:22 of 3rd period - Wrist shot by Dougie Hamilton.
8:22 of 3rd period - Deflect By Trevor Zegras.
8:22 of 3rd period - Shot Misses the Net.
8:22 of 3rd period - Puck is out of play.
8:23 of 3rd period - Scott Laughton wins face-off versus Sam Reinhart in Pittsburgh Penguins zone.
8:26 of 3rd period - Snap shot by Dougie Hamilton.
8:26 of 3rd period - Shot Misses the Net.
8:28 of 3rd period - Snap shot by Dougie Hamilton.
8:28 of 3rd period - Stopped by Akira Schmid without a rebound.
8:29 of 3rd period - Leon Draisaitl wins face-off versus Scott Laughton in Pittsburgh Penguins zone.
8:29 of 3rd period - Leon Draisaitl is hit by Aaron Ekblad.
9:05 of 3rd period - Snap shot by Troy Terry.
9:05 of 3rd period - Shot Misses the Net.
9:23 of 3rd period - Snap shot by Mitchell Marner.
9:23 of 3rd period - Shot Misses the Net.
9:29 of 3rd period - Snap shot by Mitchell Marner.
9:29 of 3rd period - Shot Misses the Net.
9:41 of 3rd period - Ryan Suter is hit by Troy Terry and loses puck.
9:58 of 3rd period - Ryan Suter is hit by Aaron Ekblad and loses puck.
10:14 of 3rd period - Penalty to Erik Gudbranson is over, Erik Gudbranson is back on ice.
10:27 of 3rd period - Snap shot by Nino Niederreiter.
10:27 of 3rd period - Stopped by Akira Schmid without a rebound.
10:28 of 3rd period - Phillip Danault wins face-off versus Nicolas Roy in Pittsburgh Penguins zone.
10:55 of 3rd period - Erik Karlsson is hit by Kyle Okposo and loses puck.
12:18 of 3rd period - Snap shot by Kyle Okposo.
12:18 of 3rd period - Shot Hit the Post.
12:20 of 3rd period - Snap shot by Nick Bjugstad.
12:20 of 3rd period - Deflect By Kyle Okposo.
12:20 of 3rd period - Shot Blocked by Jordan Eberle.
12:20 of 3rd period - Puck is out of play.
12:21 of 3rd period - Scott Laughton wins face-off versus Leon Draisaitl in Pittsburgh Penguins zone.
12:48 of 3rd period - Jean-Gabriel Pageau is hit by Troy Terry and loses puck.
13:35 of 3rd period - Slapshot by Bowen Byram.
13:35 of 3rd period - Shot Misses the Net.
13:47 of 3rd period - Wrist shot by Anders Lee.
13:47 of 3rd period - Stopped by Frederik Andersen with a rebound.
13:49 of 3rd period - Snap shot by Jean-Gabriel Pageau.
13:49 of 3rd period - Stopped by Frederik Andersen with a rebound.
13:51 of 3rd period - Slapshot by Anders Lee.
13:51 of 3rd period - Shot Misses the Net.
13:53 of 3rd period - Snap shot by Jean-Gabriel Pageau.
13:53 of 3rd period - Stopped by Frederik Andersen with a rebound.
14:28 of 3rd period - Slapshot by Kyle Okposo.
14:28 of 3rd period - Stopped by Akira Schmid with a rebound.
14:40 of 3rd period - Snap shot by Anders Lee.
14:40 of 3rd period - Shot Misses the Net.
14:42 of 3rd period - Snap shot by Anders Lee.
14:42 of 3rd period - Stopped by Frederik Andersen with a rebound.
14:44 of 3rd period - Snap shot by Anders Lee.
14:44 of 3rd period - Stopped by Frederik Andersen without a rebound.
14:45 of 3rd period - Sam Bennett wins face-off versus Leon Draisaitl in Toronto Maple Leafs zone.
14:52 of 3rd period - Snap shot by Leon Draisaitl.
14:52 of 3rd period - Shot Blocked by Aaron Ekblad.
15:21 of 3rd period - Snap shot by Mario Ferraro.
15:21 of 3rd period - Deflect By Mitchell Marner.
15:21 of 3rd period - Stopped by Akira Schmid with a rebound.
16:36 of 3rd period - Troy Terry is hit by Ryan Johansen and loses puck.
17:09 of 3rd period - Mattias Ekholm is hit by Bowen Byram and loses puck.
17:24 of 3rd period - Mitchell Marner is hit by Aaron Ekblad and loses puck.
17:59 of 3rd period - Erik Gudbranson is hit by Mario Ferraro and loses puck.
18:04 of 3rd period - Slapshot by Nicolas Roy.
18:04 of 3rd period - Shot Misses the Net.
18:06 of 3rd period - Slapshot by Nino Niederreiter.
18:06 of 3rd period - Deflect By Andrew Mangiapane.
18:06 of 3rd period - Stopped by Akira Schmid without a rebound.
18:07 of 3rd period - Jean-Gabriel Pageau wins face-off versus Nicolas Roy in Pittsburgh Penguins zone.
18:53 of 3rd period - Sam Reinhart is hit by Nino Niederreiter and loses puck.
19:03 of 3rd period - Backhand shot by Andrew Mangiapane.
19:03 of 3rd period - Shot Misses the Net.
19:32 of 3rd period - Icing by Dougie Hamilton.
19:33 of 3rd period - Gabriel Vilardi wins face-off versus Sam Bennett in Toronto Maple Leafs zone.
19:54 of 3rd period - Brian Dumoulin is hit by Brady Tkachuk and loses puck.
Goals for this period are 1 for Pittsburgh Penguins vs 1 for Toronto Maple Leafs.
Shots for this period are 10 for Pittsburgh Penguins vs 8 for Toronto Maple Leafs.
Back to the Top